 Dungeon Crawl Stone Soup version 0.29.1-1-gd02db6906a (webtiles) character file.

Game seed: 11082232560475075919

34 lonewolfV2 the Scratcher (level 3, 0/15 HPs)
             Began as a Felid Transmuter on Oct 14, 2022.
             Succumbed to an adder's poison
             ... on level 2 of the Dungeon.
             The game lasted 00:02:26 (2148 turns).

lonewolfV2 the Scratcher (Felid Transmuter)         Turns: 2148, Time: 00:02:26

Health: 0/15       AC:  1    Str:  6    XL:     3   Next: 14%
Magic:  7/7        EV: 17    Int: 16    God:
Gold:   78         SH:  0    Dex: 16    Spells: 5/6 levels left
                                        Lives:  0   Deaths: 0

rFire   . . .      SeeInvis +     - Unarmed
rCold   . . .      Faith    .   (shield unavailable)
rNeg    . . .      Spirit   .   (body armour unavailable)
rPois   .          Reflect  .   (helmet unavailable)
rElec   .          Harm     .   (cloak unavailable)
rCorr   .          Rampage  .   (gloves unavailable)
Will    .....                   (boots unavailable)
Stlth   +.........              (no amulet)
HPRegen 0.05/turn               (no ring)
MPRegen 0.10/turn               (no ring)

@: lethally poisoned (0 -> -3), appendages (expiring), quick
A: horns 2, very small, claws 1, fangs 3, see invisible, speed 1, shaggy fur 1,
stealthy paws, no weapons or thrown items, no armour, multi-lived
a: End Transformation


You were on level 2 of the Dungeon.
You had temporarily grown beastly horns.
You visited 1 branch of the dungeon, and saw 2 of its levels.

You collected 78 gold pieces.

Inventory:

Scrolls
 b - a scroll of enchant weapon {unknown}
 c - a scroll of butterflies {unknown}
 d - a scroll of poison {unknown}
 e - a scroll of fear {unknown}
 f - 2 scrolls of identify {unknown}
 i - a scroll of immolation {unknown}
Potions
 a - a potion of lignification
 g - a potion of ambrosia {unknown}
 h - a potion of attraction {unknown}


   Skills:
 + Level 1.1 Fighting
 + Level 3.1 Dodging
 + Level 3.4 Unarmed Combat
 + Level 2.4 Spellcasting
 + Level 2.7 Transmutations


You had 5 spell levels left.
You knew the following spells:

 Your Spells              Type           Power      Damage    Failure   Level
a - Beastly Appendage     Tmut           20%        N/A       6%          1

Your spell library contained the following spells:

 Spells                   Type           Power      Damage    Failure   Level
 Wereblood                Tmut           10%        N/A       10%         2
 Spider Form              Tmut/Pois      6%         N/A       34%         3
 Ice Form                 Ice/Tmut       6%         N/A       75%         4


Dungeon Overview and Level Annotations

Branches:
Dungeon (2/15)

Altars:


Innate Abilities, Weirdness & Mutations

You have temporarily grown beastly horns.
You have sharp claws.
You have razor-sharp teeth.
You have supernaturally acute eyesight. (SInv)
You cover ground quickly. (Speed+)
You are covered in fur. (AC +1)
Your paws help you pounce on unaware monsters.
You are incapable of wielding weapons or throwing items.
You cannot wear armour.
You gain extra lives every three experience levels.


Message History

You climb downwards.
Found a book of Spatial Translocations.
There is a stone staircase leading up here.
A ball python comes into view.
The ball python hisses angrily.
Casting: Beastly Appendage (safe; 6% risk of failure)
Confirm with . or Enter, or press ? or * to list all spells.
You don't know that spell.
Casting: Beastly Appendage (safe; 6% risk of failure)
Confirm with . or Enter, or press ? or * to list all spells.
You grow a pair of large bovine horns.
The adder bites you.
You closely miss the adder. The adder misses you.
You closely miss the adder. The adder closely misses you.
You barely miss the adder. Your headbutt misses the adder. The adder bites you.
You are poisoned.
The adder poisons you! The ball python misses you.
The ball python closely misses you. The adder bites you.
You closely miss the adder. Your bite misses the adder.
You feel sick.
The ball python misses you. x2; The adder closely misses you.
You barely miss the adder. Your headbutt misses the adder.
You feel sick. The ball python bites you. The ball python barely misses you.
The adder closely misses you.
You scratch the adder. You headbutt the adder. Your claw misses the adder.
The adder is lightly wounded.
You feel sick. The ball python misses you. The ball python closely misses you.
The adder bites you.
* * * LOW HITPOINT WARNING * * *
You are lethally poisoned!
The adder poisons you! The adder attacks as you move away!
The adder barely misses you.
Your transformation is almost over.
* * * LOW HITPOINT WARNING * * *
You feel sick. The adder attacks as you move away!
The adder closely misses you.
* * * LOW HITPOINT WARNING * * *
You feel sick.
There is a stone staircase leading up here.
Magic restored.
You die...

.. #....# ...
#....# ....#....#
.
....#....######..
.................
..:..............
#.....S........
#.....S@.......
#..............
#.............#
#.............#
#.#######+###.#
#. # #


You could see an adder and a ball python.

Vanquished Creatures
  A dart slug (D:1)
  4 endoplasms (D:1)
  A giant cockroach (D:1)
  2 hobgoblins (D:1)
  4 jackals (D:1)
  3 quokkas (D:1)
  5 ball pythons (D:1)
  2 bats (D:1)
  2 frilled lizards (D:1)
  2 kobolds (D:1)
  2 rats (D:1)
28 creatures vanquished.

Vanquished Creatures (others)
  A fungus (D:1)
1 creature vanquished.

Grand Total: 29 creatures vanquished

Notes
Turn   | Place    | Note
-------+----------+-------------------------------------------
     0 | D:1      | lonewolfV2 the Felid Transmuter began the quest for the
                  | Orb.
     0 | D:1      | Reached XP level 1. HP: 9/9 MP: 4/4
   466 | D:1      | Reached XP level 2. HP: 9/12 MP: 4/6
  1009 | D:1      | Found a faded altar of an unknown god.
  1609 | D:1      | Reached XP level 3. HP: 15/15 MP: 5/7
  2148 | D:2      | Succumbed to an adder's poison

Illustrated notes

Levels and vault maps discovered:
D:1:      scummos_arrival_checkerplants, layout_basic, basic_ecumenical_altar
D:2:      layout_basic

Skill      XL: |  1  2 |
---------------+-------+-----
Dodging        | 3 |  3.1
Fighting       | |  1.1
Unarmed Combat | |  3.4
Spellcasting   | |  2.4
Transmutations | |  2.7

Action                   || total
-------------------------++-------
Melee: Unarmed           ||    92
       Headbutt          ||    11
       Bite              ||     9
       Punch             ||     3
 Cast: Beastly Appendage ||    21
Armor: Skin              ||     5
Dodge: Dodged            ||   104
